 Dungeon Crawl Stone Soup version 0.30-a0-702-gdf48620a09 (webtiles) character file.

Game seed: 12974927961962168779

10210 acebull12 the Spear-Bearer (level 11, -6/95 HPs)
             Began as a Minotaur Fighter on Jan 21, 2023.
             Was an Elder of Uskayaw.
             Mangled by a two-headed hydra simulacrum (30 damage)
             ... in an ice cave.
             The game lasted 00:21:03 (8902 turns).

acebull12 the Spear-Bearer (Minotaur Fighter)       Turns: 8902, Time: 00:21:04

Health: -6/95      AC: 15    Str: 24    XL:     11   Next: 33%
Magic:  0/16       EV: 11    Int:  8    God:    Uskayaw [****..]
Gold:   646        SH:  0    Dex: 11    Spells: 10/10 levels left

rFire   . . .      SeeInvis +    V - +16 obsidian axe {drain, demonic, Mesm Drain Fly SInv}
rCold   . . .      Faith    .    (no shield)
rNeg    . . .      Spirit   +    b - +0 scale mail
rPois   .          Reflect  .    U - +1 hat {Int+3}
rElec   .          Harm     .    (no cloak)
rCorr   +          Rampage  .    j - +1 pair of gloves
Will    .....                    (no boots) Stlth
                                 S - amulet of guardian spirit
HPRegen 0.35/turn                t - ring of resist corrosion
MPRegen 0.15/turn                C - +4 ring of protection

@: flying, mesmerised, invisible
A: horns 2, retaliatory headbutt
a: Renounce Religion, Stomp, Line Pass


You were in an ice cave.
You worshipped Uskayaw.
Uskayaw was aware of your devotion.
You visited 2 branches of the dungeon, and saw 11 of its levels.
You also visited: Ossuary and Ice Cave.

You collected 646 gold pieces.

Inventory:

Hand Weapons
 u - the +9 glaive "Vusi Aso" {elec, rPois}
   (You found it on level 3 of the Dungeon)

   rPois:     It protects you from poison.
 V - the +16 obsidian axe (weapon) {drain, demonic, Mesm Drain Fly SInv}
   (You found it in an ice cave)

   Mesm:      Its wielder is mesmerised by any visible foes, and it cannot be
   unequipped while any foes are visible.
   SInv:      It lets you see invisible.
   Fly:       It grants you flight.
   Drain:     It drains your maximum health when unequipped.
Missiles
 a - 3 silver boomerangs
 r - 55 stones (quivered)
 B - 3 boomerangs
 M - a throwing net
Armour
 b - a +0 scale mail (worn)
 c - a +0 buckler
 j - a +1 pair of gloves (worn)
 U - a +1 hat of intelligence (worn)
Jewellery
 t - a ring of resist corrosion (left hand)
 C - a +4 ring of protection (right hand)
 K - a +6 ring of intelligence
 L - an amulet of the acrobat
 S - an amulet of guardian spirit (around neck)
 T - a +6 ring of strength
Wands
 z - a wand of roots (8)
 J - a wand of acid (13)
 O - a wand of flame (16)
Scrolls
 f - a scroll of enchant weapon {unknown}
 g - 3 scrolls of enchant armour
 l - a scroll of magic mapping {unknown}
 o - 6 scrolls of teleportation
 p - 8 scrolls of poison
 s - 3 scrolls of amnesia {unknown}
 v - a scroll of fear {unknown}
 y - a scroll of brand weapon {unknown}
 A - 3 scrolls of blinking
 D - 4 scrolls of noise
 E - 2 scrolls of vulnerability {unknown}
 F - a scroll of summoning {unknown}
 H - 2 scrolls of immolation {unknown}
 P - a scroll of silence {unknown}
Potions
 d - 5 potions of might
 e - a potion of cancellation {unknown}
 h - 2 potions of attraction {unknown}
 i - 3 potions of lignification {unknown}
 k - a potion of magic {unknown}
 m - 3 potions of mutation {unknown}
 n - 2 potions of invisibility
 q - 3 potions of flight {unknown}
 w - 6 potions of heal wounds
 x - 6 potions of curing
 G - a potion of degeneration {unknown}
 I - a potion of ambrosia {unknown}
 N - a potion of resistance {unknown}
 Q - 2 potions of brilliance {unknown}
 R - 2 potions of experience {unknown}


   Skills:
 + Level 8.7 Fighting
 + Level 2.2(9.9) Axes
 + Level 14.8(14.9) Polearms
 - Level 8.0 Armour
 + Level 3.8 Dodging
 - Level 1.0 Stealth
 + Level 4.1 Shields
 * Level 8.1 Invocations


You had 10 spell levels left.
You didn't know any spells.
Your spell library contained the following spells:

 Spells                   Type           Power      Damage    Failure   Level
 Kiss of Death            Conj/Necr      0%         2d5       67%         1
 Necrotise                Necr           0%         1d4       67%         1
 Slow                     Hex            0%         N/A       67%         1
 Ensorcelled Hibernation  Hex/Ice        0%         N/A       80%         2
 Passwall                 Tmut/Erth      0%         N/A       80%         2
 Confusing Touch          Hex            0%         N/A       95%         3
 Frozen Ramparts          Ice            0%         1d1       95%         3
 Summon Guardian Golem    Hex/Summ       0%         N/A       95%         3
 Swiftness                Air            0%         N/A       95%         3
 Vampiric Draining        Necr           0%         2d6       95%         3
 Vhi's Electric Charge    Tloc/Air       0%         N/A       95%         3
 Dispel Undead            Necr           0%         3d6       100%        4
 Ice Form                 Ice/Tmut       0%         N/A       100%        4
 Summon Ice Beast         Ice/Summ       0%         N/A       100%        4
 Agony                    Necr           0%         N/A       100%        5
 Arcjolt                  Conj/Air       0%         1d10      100%        5
 Summon Forest            Summ/Tloc      0%         N/A       100%        5
 Summon Mana Viper        Hex/Summ       0%         N/A       100%        5
 Summon Cactus Giant      Summ           0%         N/A       100%        6
 Orb of Destruction       Conj           0%         9d5       100%        7
 Spellforged Servitor     Conj/Summ      0%         N/A       100%        7
 Maxwell's Capacitive Co  Air            0%         ∞         100%        8


Dungeon Overview and Level Annotations

Branches:
Dungeon (10/15)            Temple (0/1) D:5            Lair (1/5) D:10
Ossuary (visited)           IceCv (1/1)
    Orc: D:9-12

Altars:
Kikubaaqudgha
Sif Muna
Uskayaw
Wu Jian
The Shining One


Innate Abilities, Weirdness & Mutations

You have a pair of horns on your head.
You reflexively headbutt those who attack you in melee.


Message History

You strike the helpless ice statue from behind!
You slash the ice statue! You headbutt the ice statue.
You break out of your daze!
You destroy the ice statue!
Visions of slaying the ice statue flood into your mind.
You are engulfed in freezing vapours.
The ice statue gestures at you.
Uskayaw will force your foes to share their pain.
You are engulfed in freezing vapours.
Uskayaw links your audience in an emotional bond!
Found a red potion.
Found a glowing shortbow.
You catch the helpless ice statue completely off-guard!
You slash the ice statue! You headbutt the ice statue!
The ice statue is moderately damaged.
The ice statue glitters chillingly in the dim dungeon light.
The ice statue gestures at you. The bolt of cold misses you.
You slice the ice statue!!
You headbutt the ice statue, but do no damage.
The ice statue is severely damaged.
The freezing wraith is no longer sharing its pain.
The ice statue gestures at you. The bolt of cold hits you!!
* * * LOW HITPOINT WARNING * * *
Uskayaw will force your foes to share their pain.
Uskayaw links your audience in an emotional bond!
You slice the ice statue!!
You break out of your daze!
You destroy the ice statue!
Visions of slaying the three-headed hydra simulacrum flood into your mind.
Your base Axes skill increases to level 2!
You lop one of the three-headed hydra simulacrum's heads off!
You slash the two-headed hydra simulacrum!
The two-headed hydra simulacrum is severely damaged.
The two-headed hydra simulacrum bites you but does no damage.
The two-headed hydra simulacrum bites you.
* * * LOW HITPOINT WARNING * * *
The two-headed hydra simulacrum freezes you!!
You die...

############# #### #
##.....#.....## #..W)
###.....)#......###.....
.#.......#.......#......
.................Z......
.#.......#......@#.
###......#......## #
##..)()#.....##
#############


You could see a freezing wraith (pain bonded) and a two-headed hydra simulacrum
(mesmerising, unable to see you, pain bonded).

Vanquished Creatures
  Gastronok (Lair:1)
  An ugly thing (IceCv)
  3 ice statues (IceCv)
  Psyche (D:8)
  2 rime drakes (Lair:1)
  2 hornets
  2 shadows (D:10)
  7 yaks
  Eustachio (D:4)
  A wraith (D:8)
  2 steam dragons
  An acid dragon (D:10)
  A water moccasin (D:7)
  4 orc warriors
  An ice beast (D:7)
  A sky beast (D:7)
  2 black bears (D:10)
  3 ogres
  4 centaurs
  3 phantoms
  A kobold brigand (D:10)
  An elf zombie (Ossuary)
  A bullfrog (D:6)
  2 scorpions
  3 cane toad simulacra (IceCv)
  13 wights
  18 killer bees
  An elephant simulacrum (IceCv)
  A howler monkey (D:4)
  4 hounds
  A human zombie (Ossuary)
  A gnoll bouda (D:8)
  7 orc priests
  An iguana (D:5)
  11 orc wizards
  A polar bear simulacrum (IceCv)
  2 mummies (Ossuary)
  Robin (D:3)
  6 gnolls
  5 adders
  4 shadow imps
  2 white imps
  2 ufetubi (D:5)
  2 adder zombies (Ossuary)
  33 orcs
  2 bats
  8 endoplasms
  A giant cockroach (D:3)
  15 goblins
  7 hobgoblins
  12 jackals
  3 quokkas
  3 ball pythons
  A frilled lizard (D:3)
  2 goblin zombies (Ossuary)
  6 hobgoblin zombies (Ossuary)
  3 jackal zombies (Ossuary)
  4 kobolds
  12 kobold zombies
  9 orc zombies
  8 rats
  3 rat zombies (Ossuary)
266 creatures vanquished.

Vanquished Creatures (others)
  5 fungi (D:10)
  5 plants (D:10)
10 creatures vanquished.

Grand Total: 276 creatures vanquished

Notes
Turn   | Place    | Note
-------+----------+-------------------------------------------
     0 | D:1      | acebull12 the Minotaur Fighter began the quest for the Orb.
     0 | D:1      | Reached XP level 1. HP: 19/19 MP: 0/0
   107 | D:1      | Reached XP level 2. HP: 27/27 MP: 1/1
   282 | D:1      | Reached XP level 3. HP: 33/33 MP: 2/2
  1183 | D:2      | Reached skill level 3 in Polearms
  1483 | D:3      | Found a hide-covered altar of Uskayaw.
  1499 | D:3      | Became a worshipper of Uskayaw the Reveller
  1571 | D:3      | Reached * piety under Uskayaw
  1648 | D:3      | Identified the +9 glaive "Vusi Aso" {elec, rPois}
  1696 | D:3      | Identified the +2 hand axe "Iheh" {elec, Dex+3}
  1753 | D:3      | Reached XP level 4. HP: 40/40 MP: 3/3
  1754 | D:3      | Reached ** piety under Uskayaw
  1761 | D:3      | Reached *** piety under Uskayaw
  1789 | D:3      | Noticed Robin
  1793 | D:3      | Killed Robin
  1872 | D:3      | Reached skill level 4 in Polearms
  2193 | D:4      | Reached skill level 1 in Invocations
  2193 | D:4      | Reached XP level 5. HP: 40/46 MP: 4/4
  2364 | D:4      | Reached skill level 5 in Polearms
  2475 | D:4      | Noticed Eustachio
  2488 | D:4      | Killed Eustachio
  2489 | D:4      | Reached skill level 5 in Armour
  2489 | D:4      | Reached skill level 1 in Dodging
  2489 | D:4      | Reached XP level 6. HP: 34/53 MP: 6/6
  2908 | D:5      | Entered Level 5 of the Dungeon
  2954 | D:5      | Reached skill level 6 in Polearms
  2956 | D:5      | Reached **** piety under Uskayaw
  2958 | D:5      | Reached XP level 7. HP: 18/60 MP: 6/8
  2964 | D:5      | Reached ***** piety under Uskayaw
  2967 | D:5      | Reached skill level 5 in Fighting
  3363 | D:5      | Reached skill level 7 in Polearms
  3509 | D:5      | Reached XP level 8. HP: 68/68 MP: 9/9
  3526 | D:5      | Found a staircase to the Ecumenical Temple.
  3923 | D:6      | Reached skill level 8 in Polearms
  4140 | D:6      | Found a shimmering blue altar of Sif Muna.
  4482 | D:6      | Found an ancient bone altar of Kikubaaqudgha.
  4718 | D:7      | Found a glowing golden altar of the Shining One.
  4765 | D:7      | Reached skill level 9 in Polearms
  4765 | D:7      | Reached skill level 1 in Stealth
  5092 | D:7      | Noticed a hornet
  5097 | D:7      | Killed a hornet
  5098 | D:7      | Reached skill level 5 in Invocations
  5098 | D:7      | Reached XP level 9. HP: 65/75 MP: 11/11
  5241 | D:7      | Reached skill level 10 in Polearms
  5849 | D:8      | Noticed Psyche
  5855 | D:8      | Killed Psyche
  5856 | D:8      | Reached skill level 11 in Polearms
  5977 | D:8      | Found a sand-covered staircase.
  5992 | Ossuary  | Entered an ossuary
  6849 | D:9      | Reached XP level 10. HP: 78/86 MP: 13/13
  6934 | D:9      | Reached skill level 12 in Polearms
  7553 | D:10     | Entered Level 10 of the Dungeon
  7599 | D:9      | Reached skill level 13 in Polearms
  7872 | D:10     | Found a staircase to the Lair.
  8253 | D:10     | Found an ornate altar of the Wu Jian Council.
  8517 | Lair:1   | Entered Level 1 of the Lair of Beasts
  8517 | Lair:1   | Noticed Gastronok
  8526 | Lair:1   | Killed Gastronok
  8527 | Lair:1   | Reached skill level 14 in Polearms
  8527 | Lair:1   | Reached XP level 11. HP: 77/95 MP: 12/15
  8540 | Lair:1   | Found a frozen archway.
  8551 | IceCv    | Entered an ice cave
  8627 | IceCv    | Found the +16 obsidian axe {drain, demonic, Mesm Drain Fly
                  | SInv}
  8639 | IceCv    | Noticed a white ugly thing
  8643 | IceCv    | Killed a white ugly thing
  8882 | IceCv    | Reached skill level 1 in Axes
  8902 | IceCv    | Mangled by a two-headed hydra simulacrum

Illustrated notes

Levels and vault maps discovered:
D:1:      shiori_arrival_oz, layout_rooms, chequers_serial_rivers_micro_a
D:2:      layout_basic, grunt_decor_mini_mirrors
D:3:      layout_rooms, lemuel_round_altar, serial_rivers,
          chequers_serial_rivers_small_a, chequers_serial_rivers_small_b,
          chequers_serial_rivers_small_a, chequers_serial_rivers_small_3,
          moated_statue, lightli_corner_chamber, uniq_robin
D:4:      layout_loops_ring, corexii_corridor_pit, serial_bayou_crossing,
          uniq_eustachio
D:5:      layout_loops_ring, minmay_temple_entry_statues_pillars,
          minmay_misc_feat_room, minmay_a_box_with_orc_wizards_in_it
D:6:      layout_basic, kennysheep_mini_moat, general_overflow_altar,
          grunt_decor_cap
D:7:      layout_loops_cross, mainiacjoe_overflow_alcove_2
D:8:      layout_basic, enter_ossuary_3, grunt_ogre_cave, uniq_psyche
D:9:      layout_loops_ring
D:10:     layout_basic, kennysheep_mini, grunt_lair_entry_orc_guard_hut
Lair:1:   layout_roguey, portal_ice_cave_rime, beast_lair_carwin_4,
          serial_bayou_shore_b, uniq_gastronok, uniq_maggie, uniq_urug
IceCv:    ice_cave_statue_garden_chambered

Skill      XL: |  1  2  3  4  5  6  7  8  9 10 11 |
---------------+----------------------------------+-----
Fighting       | 4 5 6 7 8 |  8.7
Armour         | 4 5 6 7 8 |  8.0
Shields        | 4 |  4.1
Polearms       | 3 4 5 6 7 9 11 14 | 14.8
Invocations    | 1 2 3 5 6 7 8 |  8.1
Dodging        | 1 2 3 |  3.8
Stealth        | 1 |  1.0
Axes           | 2 |  2.2

Action                   |  1- 3 |  4- 6 |  7- 9 | 10-12 || total
-------------------------+-------+-------+-------+-------++-------
Melee: Trident           |    71 |       |       |       ||    71
       Headbutt          |     9 |     4 |    24 |    29 ||    66
       Glaive            |     5 |    66 |   231 |   126 ||   428
       Broad axe         |       |       |       |    23 ||    23
Invok: Stomp             |       |       |     1 |     1 ||     2
  Use: Scroll            |       |       |     7 |       ||     7
       Potion            |       |       |       |     1 ||     1
 Stab: Paralysed         |       |     1 |    12 |    18 ||    31
       Invisible         |       |       |       |     5 ||     5
Armor: Scale mail        |    12 |    47 |    98 |    49 ||   206
Dodge: Dodged            |    20 |    51 |    95 |    48 ||   214
Block: Buckler           |     7 |       |       |       ||     7

Table legend: (Time is in decaauts)
 A = Elapsed time spent in this place.
 B = Non-inter-level travel time spent in this place.
 C = Inter-level travel time spent in this place.
 D = Time resting spent in this place.
 E = Time spent auto-exploring this place.
 F = Levels seen in this place.
 G = Mean time per level.
                   A        B        C        D        E       F      G
               +--------+--------+--------+--------+--------+-----+--------+
         Total |   9034 |   8441 |    593 |    879 |   6030 |  13 |  694.9 |
       Dungeon |   8211 |   7618 |    593 |    397 |   5948 |  10 |  821.1 |
          Lair |     34 |     34 |      0 |      5 |      0 |   1 |   34.0 |
       Ossuary |    436 |    436 |      0 |    206 |     81 |   1 |  436.0 |
      Ice Cave |    353 |    353 |      0 |    271 |      1 |   1 |  353.0 |
               +--------+--------+--------+--------+--------+-----+--------+

Top non-repeatable levels by time:
     D:7: 1022 daAuts
    D:10: 901 daAuts
     D:2: 899 daAuts
     D:5: 887 daAuts
     D:6: 863 daAuts
     D:9: 852 daAuts
     D:4: 831 daAuts
     D:3: 683 daAuts
     D:8: 677 daAuts
     D:1: 592 daAuts
 Ossuary: 436 daAuts
   IceCv: 353 daAuts
  Lair:1: 34 daAuts
